 Dungeon Crawl Stone Soup version 0.21.1-1-g345015fe64 (webtiles) character file.

163 KleinerIrrer the Grasshopper (level 5, -5/43 HPs)
             Began as a Gnoll Warper on Mar 16, 2018.
             Slain by Crazy Yiuf
             ... wielding a +2 quarterstaff of chaos
              (6 damage)
             ... on level 2 of the Dungeon.
             The game lasted 00:04:30 (1447 turns).

KleinerIrrer the Grasshopper (Gnoll Warper)         Turns: 1447, Time: 00:04:30

Health: -5/43      AC:  3    Str: 13    XL:     5   Next: 44%
Magic:  4/12       EV: 14    Int: 15    God:
Gold:   30         SH:  0    Dex: 16    Spells: 10/14 levels left

rFire    . . .     SeeInvis .   m - +3 dagger (elec)
rCold    . . .     Gourm    .   (no shield)
rNeg     . . .     Faith    .   b - +0 leather armour
rPois    .         Spirit   .   (no helmet)
rElec    .         Reflect  .   (no cloak)
rCorr    .         Harm     +   (no gloves)
MR       .....                  (no boots)
Stlth    ++........             h - amulet of harm
HPRegen  0.14/turn              (no ring)
MPRegen  0.13/turn              (no ring)

@: no status effects
A: distributed training, fangs 1, strong nose
a: no special abilities


You were on level 2 of the Dungeon.
You were not hungry.

You visited 1 branch of the dungeon, and saw 2 of its levels.

You collected 30 gold pieces.

Inventory:

Hand Weapons
 a - a +0 spear
 m - a +3 dagger of electrocution (weapon)
Missiles
 e - 5 tomahawks of dispersal (quivered)
Armour
 b - a +0 leather armour (worn)
Jewellery
 h - an amulet of harm (around neck)
 o - an uncursed amulet of regeneration {unknown}
Scrolls
 d - a scroll of blinking
 n - a scroll of magic mapping {unknown}
Potions
 i - a potion of flight {unknown}
 j - a potion of brilliance {unknown}
 k - a potion of ambrosia {unknown}
 l - a potion of heal wounds {unknown}
 p - a potion of resistance
Books
 c - a book of Spatial Translocations

   Spells                             Type                      Level
   a - Blink                          Translocation                2
   b - Shroud of Golubria             Charms/Translocation         2
   c - Lesser Beckoning               Translocation                3
   d - Gell's Gravitas                Translocation                3
   e - Teleport Other                 Translocation                3
   f - Passage of Golubria            Translocation                4
Comestibles
 f - 4 rations
 g - 2 chunks of flesh


   Skills:
 + Level 4.8 Fighting
 + Level 1.4 Short Blades
 + Level 1.4 Long Blades
 + Level 1.4 Axes
 + Level 1.4 Maces & Flails
 + Level 4.8 Polearms
 + Level 1.4 Staves
 + Level 1.4 Slings
 + Level 1.4 Bows
 + Level 1.4 Crossbows
 + Level 3.0 Throwing
 + Level 3.0 Armour
 + Level 4.8 Dodging
 + Level 1.4 Stealth
 + Level 1.4 Shields
 + Level 1.4 Unarmed Combat
 + Level 5.2 Spellcasting
 + Level 1.1 Conjurations
 + Level 1.1 Hexes
 + Level 1.1 Charms
 + Level 1.1 Summonings
 + Level 1.1 Necromancy
 + Level 5.5 Translocations
 + Level 1.1 Transmutations
 + Level 1.1 Fire Magic
 + Level 1.1 Ice Magic
 + Level 1.1 Air Magic
 + Level 1.1 Earth Magic
 + Level 1.1 Poison Magic
 + Level 1.6 Invocations
 + Level 1.4 Evocations


You had 10 spell levels left.
You knew the following spells:

 Your Spells              Type           Power        Failure   Level  Hunger
a - Blink                 Tloc           N/A          3%          2    ##.....
b - Shroud of Golubria    Chrm/Tloc      ##........   8%          2    ##.....


Dungeon Overview and Level Annotations

Branches:
Dungeon (2/15)

Altars:

Annotations:
D:2 Crazy Yiuf


Innate Abilities, Weirdness & Mutations

Your experience applies equally to all skills.
You have very sharp teeth.
Your uncanny sense of smell can sniff out nearby items.


Message History

Crazy Yiuf is moderately wounded.
Crazy Yiuf closely misses you.
You hit Crazy Yiuf.
Crazy Yiuf is heavily wounded.
Crazy Yiuf closely misses you.
You hit Crazy Yiuf but do no damage.
Crazy Yiuf is heavily wounded.
Crazy Yiuf hits you with a quarterstaff of chaos!
Your shroud falls apart!
Crazy Yiuf burns you.
You hit Crazy Yiuf but do no damage.
Crazy Yiuf is heavily wounded.
Crazy Yiuf hits you with a quarterstaff of chaos!
You feel your power leaking away.
You closely miss Crazy Yiuf.
Crazy Yiuf is heavily wounded.
Crazy Yiuf hits you with a quarterstaff of chaos!
* * * LOW HITPOINT WARNING * * *
Crazy Yiuf burns you.
You die...

..#...#...## #..####....###...
##......#.# #.## #....######
#.......#.# #.# #.....## #
#......#### ### #......## #
#......# ##...#..### ##.....#
######...# #......##♣♣ #### ###..
#........P♣ ♣♣#..)# ###
#........P♣♣♣♣♣.@g..# ###..
##.......PP.♣..♣#...# ###...#
##...#....♣.♣♣♣ #### #......
#######♣♣♣♣♣ ##.##... ####..##...
### ### #.......... ..# #.#
###########..... ..#######.#
####...........#...
..........#####....#########....<


You could see Crazy Yiuf.

Vanquished Creatures
  A phantom (D:2)
  2 adders (D:2)
  2 oozes (D:1)
  A leopard gecko (D:1)
  5 bats
  5 giant cockroaches
  7 goblins
  8 hobgoblins
  7 jackals
  3 kobolds
  A ball python (D:1)
  2 frilled lizards (D:2)
  6 rats
  A fungus (D:2)
51 creatures vanquished.

Notes
Turn   | Place    | Note
-------+----------+-------------------------------------------
     0 | D:1      | KleinerIrrer the Gnoll Warper began the quest for the Orb.
     0 | D:1      | Reached XP level 1. HP: 20/20 MP: 6/6
    64 | D:1      | Reached XP level 2. HP: 12/26 MP: 7/7
   332 | D:1      | Learned a level 2 spell: Blink
   335 | D:1      | Learned a level 2 spell: Shroud of Golubria
   347 | D:1      | Reached XP level 3. HP: 16/31 MP: 7/9
   555 | D:1      | Reached skill level 5 in Spellcasting
   836 | D:1      | Reached skill level 1 in Invocations
  1001 | D:2      | Noticed a phantom
  1014 | D:2      | Killed a phantom
  1014 | D:2      | Reached skill level 1 in Short Blades
  1014 | D:2      | Reached skill level 1 in Long Blades
  1014 | D:2      | Reached skill level 1 in Axes
  1014 | D:2      | Reached skill level 1 in Maces & Flails
  1014 | D:2      | Reached skill level 1 in Staves
  1014 | D:2      | Reached skill level 1 in Slings
  1014 | D:2      | Reached skill level 1 in Bows
  1014 | D:2      | Reached skill level 1 in Crossbows
  1014 | D:2      | Reached skill level 1 in Stealth
  1014 | D:2      | Reached skill level 1 in Shields
  1014 | D:2      | Reached skill level 1 in Unarmed Combat
  1014 | D:2      | Reached skill level 1 in Conjurations
  1014 | D:2      | Reached skill level 1 in Hexes
  1014 | D:2      | Reached skill level 1 in Charms
  1014 | D:2      | Reached skill level 1 in Summonings
  1014 | D:2      | Reached skill level 1 in Necromancy
  1014 | D:2      | Reached skill level 1 in Transmutations
  1014 | D:2      | Reached skill level 1 in Fire Magic
  1014 | D:2      | Reached skill level 1 in Ice Magic
  1014 | D:2      | Reached skill level 1 in Air Magic
  1014 | D:2      | Reached skill level 1 in Earth Magic
  1014 | D:2      | Reached skill level 1 in Poison Magic
  1014 | D:2      | Reached skill level 1 in Evocations
  1014 | D:2      | Reached XP level 4. HP: 27/38 MP: 9/11
  1014 | D:2      | Reached XP level 5. HP: 30/43 MP: 9/12
  1433 | D:2      | Found a runed door.
  1437 | D:2      | Noticed Crazy Yiuf
  1447 | D:2      | HP: 1/43 [Crazy Yiuf/quarterstaff of chaos (13)]
  1447 | D:2      | Slain by Crazy Yiuf

Skill      XL: |  1  2  3  4  5 |
---------------+----------------+-----
Spellcasting   | 5 |  5.2
Invocations    | 1 |  1.6
Short Blades   | 1 |  1.4
Long Blades    | 1 |  1.4
Axes           | 1 |  1.4
Maces & Flails | 1 |  1.4
Staves         | 1 |  1.4
Slings         | 1 |  1.4
Bows           | 1 |  1.4
Crossbows      | 1 |  1.4
Stealth        | 1 |  1.4
Shields        | 1 |  1.4
Unarmed Combat | 1 |  1.4
Conjurations   | 1 |  1.1
Hexes          | 1 |  1.1
Charms         | 1 |  1.1
Summonings     | 1 |  1.1
Necromancy     | 1 |  1.1
Transmutations | 1 |  1.1
Fire Magic     | 1 |  1.1
Ice Magic      | 1 |  1.1
Air Magic      | 1 |  1.1
Earth Magic    | 1 |  1.1
Poison Magic   | 1 |  1.1
Evocations     | 1 |  1.4
Throwing       | 3 |  3.0
Armour         | 3 |  3.0
Fighting       | |  4.8
Polearms       | |  4.8
Dodging        | |  4.8
Translocations | |  5.5

Action                   |  1- 3 |  4- 6 || total
-------------------------+-------+-------++-------
Melee: Spear             |   130 |       ||   130
       Bite              |    15 |     3 ||    18
       Dagger            |    10 |    43 ||    53
 Cast: Shroud of Golubri |     3 |     2 ||     5
       Blink             |     1 |       ||     1
 Stab: Sleeping          |       |     1 ||     1
  Eat: Chunk             |     1 |     1 ||     2
Armor: Leather armour    |    23 |     7 ||    30
Dodge: Dodged            |    80 |    34 ||   114
